 Dungeon Crawl Stone Soup version 0.26.1-2-gb8aa6d0cf2 (webtiles) character file.

Game seed: 469791365857712798

152 Gadfly the Cudgeller (level 5, -9/78 HPs)
             Began as a Troll Delver on Feb 25, 2021.
             Mangled by an orc warrior
             ... wielding a +0 scimitar
              (14 damage)
             ... on level 2 of the Dungeon.
             The game lasted 00:03:42 (1228 turns).

Gadfly the Cudgeller (Troll Delver)                 Turns: 1228, Time: 00:03:43

Health: -9/78      AC: 22    Str: 21    XL:     5   Next: 11%
Magic:  4/4        EV:  1    Int:  6    God:
Gold:   101        SH:  0    Dex: 11    Spells: 4/4 levels left

rFire    . . .     SeeInvis .   a - +0 mace
rCold    + . .     Faith    .   (no shield)
rNeg     + + +     Spirit   .   (armour currently unavailable)
rPois    +         Reflect  .   (helmet currently unavailable)
rElec    .         Harm     .   (cloak currently unavailable)
rCorr    .         Rampage  .   (gloves unavailable)
Will     .....     NoTele   +   (boots unavailable)
Stlth    ++........             (no amulet)
HPRegen  0.63/turn              l - ring of protection from cold
MPRegen  0.09/turn              j - ring of teleportation (curse)

@: tree-form (expiring)
A: large, unfitting armour, regeneration 1
a: no special abilities


You were on level 2 of the Dungeon.
You were a tree.
You visited 1 branch of the dungeon, and saw 5 of its levels.

You collected 101 gold pieces.

Inventory:

Hand Weapons
 a - a +0 mace (weapon)
Armour
 b - a +1 robe (melded)
Jewellery
 j - a cursed ring of teleportation (right branch)
 l - a ring of protection from cold (left branch)
 p - an uncursed ring of flight
Wands
 g - a wand of digging (3)
Scrolls
 c - a scroll of fog
 d - 2 scrolls of magic mapping
 e - a scroll of fear
 n - 2 scrolls of enchant armour
Potions
 f - a potion of haste
 k - a potion of attraction


   Skills:
 + Level 2.9 Fighting
 * Level 3.0 Maces & Flails
 * Level 1.8 Armour
 - Level 1.5 Dodging
 - Level 2.7 Stealth
 * Level 1.7 Evocations


You had 4 spell levels left.
You didn't know any spells.
Your spell library was empty.

Dungeon Overview and Level Annotations

Branches:
Dungeon (5/15)
 Temple: D:4-7

Altars:

Annotations:
D:3 Jessica, Robin, Terence


Innate Abilities, Weirdness & Mutations

You are too large for most types of armour.
((You have claws for hands.))
Your natural rate of healing is unusually fast.
((You are covered in fur. (AC +1)))
((You have extremely tough skin. (AC +3)))


Message History

The orc warrior hits you but does no damage.
You hit the orc warrior but do no damage.
The orc warrior is almost dead.
The orc warrior hits you with a +0 scimitar!
* * * LOW HITPOINT WARNING * * *
You hit the orc warrior.
The orc warrior is almost dead.
Your transformation is almost over.
The orc warrior hits you but does no damage.
You hit the orc warrior.
The orc warrior is almost dead.
The orc warrior hits you but does no damage.
You barely miss the orc warrior.
The orc warrior is almost dead.
The orc warrior hits you with a +0 scimitar!
* * * LOW HITPOINT WARNING * * *
You hit the orc warrior.
The orc warrior is almost dead.
The orc warrior hits you with a +0 scimitar!
You die...

.........#.........##...#.#
.........#.........##...#.#
#.........###..#.#
####+##.#.###..#.####
.#............
.######..#.... ..........
#########.# #####......
#.oooo♣...# #.>..##
#.)g###)### ##.#†## #...#
... #.#.## #...# ####
#.#... #..o+ #.#### #...#
#.# ###o. #.# .o.. #.#
.....


You could see an orc warrior, an orc wizard (fast), 2 orcs and a goblin.

Vanquished Creatures
  A scorpion (D:2)
  A bullfrog skeleton (D:4)
  A worker ant (D:4)
  2 adders
  A ball python (D:2)
  4 bats
  4 giant cockroaches
  6 goblins
  2 hobgoblins
  3 frilled lizards
  3 kobolds (D:2)
  2 rats
30 creatures vanquished.

Notes
Turn   | Place    | Note
-------+----------+-------------------------------------------
     0 | D:5      | Gadfly the Troll Delver began the quest for the Orb.
     0 | D:5      | Reached XP level 1. HP: 22/22 MP: 0/0
    17 | D:4      | Reached skill level 2 in Maces & Flails
    17 | D:4      | Reached XP level 2. HP: 29/29 MP: 1/1
   170 | D:4      | Reached skill level 1 in Armour
   170 | D:4      | Reached skill level 1 in Evocations
   170 | D:4      | Reached XP level 3. HP: 25/36 MP: 2/2
   257 | D:3      | Noticed Jessica
   266 | D:3      | Noticed Terence
   266 | D:3      | Noticed Robin
   272 | D:2      | Noticed a scorpion
   282 | D:2      | Killed a scorpion
   283 | D:2      | Reached XP level 4. HP: 20/44 MP: 3/3
   675 | D:1      | Reached XP level 5. HP: 51/52 MP: 4/4
  1190 | D:2      | Noticed an orc warrior
  1201 | D:2      | Reached skill level 3 in Maces & Flails
  1210 | D:2      | HP: 1/52 [orc warrior/+0 scimitar (18)]
  1228 | D:2      | Mangled by an orc warrior

Illustrated notes

Levels and vault maps discovered:
D:1:      scummos_arrival_hexagon, layout_basic
D:2:      layout_basic
D:3:      layout_loops_cross, uniq_robin, uniq_terence, uniq_jessica
D:4:      layout_basic, overflow_temple_1_default,
          minmay_temple_entry_purple_smoke, tgw_trog
D:5:      layout_basic, uniq_pikel

Skill      XL: |  1  2  3  4  5 |
---------------+----------------+-----
Maces & Flails | 2 3 |  3.0
Armour         | 1 |  1.8
Evocations     | 1 |  1.7
Fighting       | |  2.9
Dodging        | |  1.5
Stealth        | |  2.7

Action                   |  1- 3 |  4- 6 || total
-------------------------+-------+-------++-------
Melee: Mace              |    23 |    86 ||   109
  Use: Scroll            |     1 |     6 ||     7
       Potion            |       |     3 ||     3
 Stab: Sleeping          |     1 |     9 ||    10
Armor: Robe              |     8 |    31 ||    39
       Skin              |       |     9 ||     9
Dodge: Dodged            |     7 |    31 ||    38
